 Dungeon Crawl Stone Soup version 0.27-a0-668-gb5737ff2c0 (webtiles) character file.

Game seed: 17597265629210727064

145 nightchill the Chopper (level 5, 48/48 HPs)
             Began as a Hill Orc Fighter on Mar 16, 2021.
             Quit the game on level 3 of the Dungeon on Mar 17, 2021.
             The game lasted 00:02:26 (2725 turns).

nightchill the Chopper (Hill Orc Fighter)           Turns: 2725, Time: 00:02:27

Health: 48/48      AC:  6    Str: 19    XL:     5   Next: 27%
Magic:  5/5        EV:  7    Int:  9    God:
Gold:   111        SH:  9    Dex: 10    Spells: 4/4 levels left

rFire    . . .     SeeInvis .   a - +0 war axe
rCold    . . .     Faith    .   c - +0 kite shield
rNeg     . . .     Spirit   .   b - +0 scale mail
rPois    .         Reflect  .   (no helmet)
rElec    .         Harm     .   (no cloak)
rCorr    .         Rampage  .   (no gloves)
Will     .....                  (no boots)
Stlth    ..........             (no amulet)
HPRegen  0.16/turn              (no ring)
MPRegen  0.09/turn              (no ring)

@: no status effects
A: no striking features
a: no special abilities


You were on level 3 of the Dungeon.
You visited 1 branch of the dungeon, and saw 3 of its levels.

You collected 111 gold pieces.

Inventory:

Hand Weapons
 a - a +0 war axe (weapon)
 g - a +1 dagger of venom
 i - a +0 dagger of holy wrath
Missiles
 h - 18 poisoned darts (quivered)
Armour
 b - a +0 scale mail (worn)
 c - a +0 kite shield (worn)
Scrolls
 f - 2 scrolls of teleportation {unknown}
 j - a scroll of amnesia {unknown}
Potions
 d - a potion of might
 e - a potion of ambrosia {unknown}
 k - a potion of heal wounds
 l - a potion of haste {unknown}


   Skills:
 + Level 5.0 Fighting
 * Level 6.0 Axes
 - Level 3.2 Armour
 - Level 3.2 Shields


You had 4 spell levels left.
You didn't know any spells.
Your spell library was empty.

Dungeon Overview and Level Annotations

Branches:
Dungeon (3/15)

Altars:
Kikubaaqudgha


Message History

Your shield prevents you from hitting Terence.
Terence is heavily wounded.
Terence hits you but does no damage.
You hit Terence but do no damage.
Terence is heavily wounded.
You block Terence's attack. Terence hits you with a +0 flail.
You barely miss Terence.
Terence is heavily wounded.
You block Terence's attack.
You hit Terence but do no damage.
Terence is heavily wounded.
Terence hits you with a +0 flail. x2
You are too injured to fight recklessly!
You are too injured to fight recklessly!
You are too injured to fight recklessly!
You are too injured to fight recklessly!
You hit Terence but do no damage.
Terence is heavily wounded.
Terence hits you but does no damage.
You hit Terence but do no damage.
Terence is heavily wounded.
Terence hits you but does no damage. Terence hits you with a +0 flail!
* * * LOW HITPOINT WARNING * * *
You slash Terence!
Terence is almost dead.
Terence hits you but does no damage.
You closely miss Terence.
Terence is almost dead.
You block Terence's attack. Terence hits you with a +0 flail.
* * * LOW HITPOINT WARNING * * *
You closely miss Terence.
Terence is almost dead.
Terence completely misses you.
You slash Terence!
You kill Terence!
Your Fighting skill increases to level 5!
Your Axes skill increases to level 6!
You start resting.
HP restored.
Are you sure you want to abandon this character and quit the game? (Confirm with "yes".)

### #.. #.# #.# #)# #@# #.#
#.# ###############.#
############ #.......[.......#
#..........# #.###############
#.########.# #.# #.# #.# #.#
#.########.#
#.#################.#........#


There were no monsters in sight!

Vanquished Creatures
  Terence (D:3)
  5 adders (D:2)
  A gnoll (D:1)
  An ooze (D:1)
  3 worms (D:2)
  2 dart slugs (D:1)
  7 bats
  3 giant cockroaches (D:1)
  7 goblins
  6 hobgoblins
  A quokka (D:2)
  4 frilled lizards
  4 kobolds
  6 rats
51 creatures vanquished.

Notes
Turn   | Place    | Note
-------+----------+-------------------------------------------
     0 | D:1      | nightchill the Hill Orc Fighter began the quest for the
                  | Orb.
     0 | D:1      | Reached XP level 1. HP: 19/19 MP: 1/1
    44 | D:1      | Reached skill level 3 in Axes
   303 | D:1      | Reached XP level 2. HP: 27/27 MP: 2/2
   416 | D:1      | Reached skill level 4 in Axes
   418 | D:1      | Reached XP level 3. HP: 33/33 MP: 3/3
  1223 | D:2      | Found an ancient bone altar of Kikubaaqudgha.
  1558 | D:2      | Reached XP level 4. HP: 41/41 MP: 4/4
  1659 | D:2      | Reached skill level 5 in Axes
  2077 | D:2      | Reached XP level 5. HP: 42/47 MP: 5/5
  2437 | D:3      | Upgraded the game from 0.27-a0-660-g90476cec82 to
                  | 0.27-a0-668-gb5737ff2c0
  2502 | D:3      | Noticed Terence
  2522 | D:3      | Killed Terence
  2523 | D:3      | Reached skill level 5 in Fighting
  2523 | D:3      | Reached skill level 6 in Axes
  2725 | D:3      | Quit the game

Illustrated notes

Levels and vault maps discovered:
D:1:      heliophobic_arrival_enchanted_forest, layout_basic
D:2:      layout_loops_corners, kiku_gazebo_pond_becter,
          kennysheep_generic_room_16
D:3:      layout_basic, fedhas_altar_fruit_tree, uniq_ijyb, uniq_natasha,
          uniq_grinder, uniq_terence, uniq_crazy_yiuf_cottage, uniq_robin

Skill      XL: |  1  2  3  4  5 |
---------------+----------------+-----
Axes           | 3 4 5 6 |  6.0
Fighting       | 4 5 |  5.0
Armour         | |  3.2
Shields        | |  3.2

Action                   |  1- 3 |  4- 6 || total
-------------------------+-------+-------++-------
Melee: War axe           |    95 |    68 ||   163
  Use: Potion            |     2 |       ||     2
Armor: Scale mail        |    40 |    25 ||    65
Dodge: Dodged            |    26 |    21 ||    47
Block: Kite shield       |    45 |    27 ||    72

Table legend: (Time is in decaauts)
 A = Elapsed time spent in this place.
 B = Non-inter-level travel time spent in this place.
 C = Inter-level travel time spent in this place.
 D = Time resting spent in this place.
 E = Time spent auto-exploring this place.
 F = Levels seen in this place.
 G = Mean time per level.
                   A        B        C        D        E       F      G
               +--------+--------+--------+--------+--------+-----+--------+
         Total |   2806 |   2709 |     97 |    688 |   1646 |   3 |  935.3 |
       Dungeon |   2806 |   2709 |     97 |    688 |   1646 |   3 |  935.3 |
               +--------+--------+--------+--------+--------+-----+--------+

Top non-repeatable levels by time:
     D:2: 1555 daAuts
     D:1: 955 daAuts
     D:3: 296 daAuts
